 Dungeon Crawl Stone Soup version 0.29.1-2-gbd0b4ee654 (webtiles) character file.

Game seed: 4672440379503773467

1570 jamestheduck25 the Slasher (level 8, 0/61 HPs)
             Began as a Demonspawn Gladiator on Nov 18, 2022.
             Slain by a gnoll
             ... wielding a +0 halberd
             ... led by a gnoll bouda
              (1 damage)
             ... on level 5 of the Dungeon.
             The game lasted 00:09:57 (5908 turns).

jamestheduck25 the Slasher (Demonspawn Gladiator)   Turns: 5908, Time: 00:09:58

Health: 0/61       AC: 16    Str: 17    XL:     8   Next: 59%
Magic:  26/26      EV:  6    Int: 10    God:
Gold:   193        SH:  5    Dex: 14    Spells: 7/7 levels left

rFire   . . .      SeeInvis .   s - +4 scythe (pain)
rCold   . . .      Faith    .   (shield currently unavailable)
rNeg    . . .      Spirit   .   z - +0 plate armour
rPois   .          Reflect  +   c - +0 helmet
rElec   .          Harm     .   y - +0 cloak
rCorr   .          Rampage  .   (no gloves)
Will    .....                   (no boots)
Stlth   ..........              A - amulet of reflection
HPRegen 0.20/turn               i - ring of magical power
MPRegen 0.40/turn               j - ring of magical power

@: weakened
A: molten scales 1, spiny 1, magic regeneration, weakness stinger 1
a: no special abilities


You were on level 5 of the Dungeon.
You visited 1 branch of the dungeon, and saw 5 of its levels.

You collected 193 gold pieces.

Inventory:

Hand Weapons
 a - a +0 long sword
 s - a +4 scythe of pain (weapon)
Missiles
 d - a throwing net (quivered)
 e - a javelin
Armour
 b - a +0 leather armour
 c - a +0 helmet (worn)
 y - a +0 cloak (worn)
 z - a +0 plate armour (worn)
Jewellery
 i - a ring of magical power (left hand)
 j - a ring of magical power (right hand)
 p - an amulet of the acrobat
 A - an amulet of reflection (around neck)
Wands
 f - a wand of roots (8)
Scrolls
 h - a scroll of magic mapping {unknown}
 l - 2 scrolls of teleportation {unknown}
 m - a scroll of identify
 o - 2 scrolls of enchant weapon {unknown}
 r - 3 scrolls of fear {unknown}
 u - a scroll of vulnerability {unknown}
 w - a scroll of amnesia {unknown}
Potions
 g - 2 potions of flight
 k - 3 potions of haste
 n - a potion of heal wounds {unknown}
 q - a potion of degeneration {unknown}
 t - a potion of curing {unknown}
 v - 2 potions of brilliance {unknown}
 x - 2 potions of mutation {unknown}


   Skills:
 + Level 4.7 Fighting
 - Level 4.9 Long Blades
 + Level 3.0 Polearms
 + Level 3.8 Throwing
 + Level 4.1 Armour
 + Level 4.9 Dodging
 - Level 2.4 Stealth


You had 7 spell levels left.
You didn't know any spells.
Your spell library contained the following spells:

 Spells                   Type           Power      Damage    Failure   Level
 Call Canine Familiar     Summ           0%         N/A       100%        3
 Portal Projectile        Hex/Tloc       0%         N/A       100%        3
 Leda's Liquefaction      Hex/Erth       0%         N/A       100%        4


Dungeon Overview and Level Annotations

Branches:
Dungeon (5/15)
 Temple: D:4-7

Altars:

Shops:
D:4 *


Innate Abilities, Weirdness & Mutations

You are partially covered in molten scales. (AC +2)
You are partially covered in sharp spines.
You regenerate magic rapidly.
You have a small tail.


Message History

You barely miss the gnoll bouda.
Your tail-slap misses the gnoll bouda.
The gnoll bouda is lightly wounded.
The gnoll bouda hits you but does no damage.
The gnoll hits you from afar with a +0 halberd.
* * * LOW HITPOINT WARNING * * *
The gnoll bouda hits you but does no damage.
You hit the gnoll bouda but do no damage.
Your tail-slap misses the gnoll bouda.
The gnoll bouda is lightly wounded.
The gnoll barely misses you.
The gnoll bouda gazes fiercely through you!
You feel your attacks grow feeble.
The gnoll bouda is struck by your spines.
The gnoll bouda hits you with a +0 club.
* * * LOW HITPOINT WARNING * * *
The gnoll hits you but does no damage.
You puncture the gnoll bouda!
The gnoll bouda is severely wounded.
The gnoll bouda prays to its god.
The gnoll bouda is healed somewhat.
You block the gnoll's attack.
You hit the gnoll bouda but do no damage.
You tail-slap the gnoll bouda, but do no damage.
The gnoll bouda is heavily wounded.
The gnoll bouda hits you but does no damage.
The gnoll hits you from afar with a +0 halberd.
* * * LOW HITPOINT WARNING * * *
The gnoll bouda barely misses you.
Throw: 2 throwing nets
Press: ? - help, Q - select action, (/) - cycle Shift-Dir - straight line, f - gnoll bouda
Aim: a gnoll bouda, wielding a +0 club and wearing a +0 robe (heavily wounded, 65% to hit)
You throw a throwing net. The throwing net hits the gnoll bouda.
The gnoll bouda is caught in the net!
The gnoll bouda is heavily wounded.
The gnoll hits you but does no damage.
You slash the gnoll bouda!
You kill the gnoll bouda!
The gnoll hits you from afar with a +0 halberd!
* * * LOW HITPOINT WARNING * * *
The gnoll hits you from afar with a +0 halberd.
You die...

#...............#.# .....
##.................#####....
#......##........###......#
#.#######........# #......#
####................###......#
#.............(..............#
#.##.........#.#######.......#
#.##.......††#.#######.......# #
#.##.......>.#..@).#.........# #
#.##.........#####g####......####
#.##..........# #.# #......'..#
#.##..........# #.# #......##.#
#.##..........# #g# #......##.#
#.##..........####g############.'
######.........g.........# ###
#.#######...........# #
#.#...#.'...........# #


You could see a gnoll (swift).

Vanquished Creatures
  Grinder (D:3)
  Sigmund (D:3)
  3 water moccasins (D:4)
  An ice beast (D:5)
  An ogre (D:4)
  2 phantoms (D:4)
  3 scorpions
  An orc priest (D:5)
  3 hounds
  A gnoll bouda (D:5)
  Crazy Yiuf (D:4)
  2 iguanas
  2 orc wizards (D:5)
  A gnoll (D:5)
  6 adders
  A white imp (D:5)
  A worm (D:3)
  3 dart slugs
  3 orcs (D:5)
  8 ball pythons
  8 endoplasms
  4 giant cockroaches
  13 goblins
  4 hobgoblins
  10 jackals
  5 quokkas
  3 bats
  4 frilled lizards
  9 kobolds
  4 rats
109 creatures vanquished.

Notes
Turn   | Place    | Note
-------+----------+-------------------------------------------
     0 | D:1      | jamestheduck25 the Demonspawn Gladiator began the quest for
                  | the Orb.
     0 | D:1      | Reached XP level 1. HP: 16/16 MP: 1/1
   665 | D:1      | Gained mutation: You are partially covered in sharp spines.
                  | [demonic ancestry]
   665 | D:1      | Reached XP level 2. HP: 21/22 MP: 2/2
  1136 | D:1      | Gained mutation: You have a small tail. [demonic ancestry]
  1136 | D:1      | Reached XP level 3. HP: 27/27 MP: 3/3
  1160 | D:1      | Found a faded altar of an unknown god.
  1697 | D:2      | Reached skill level 1 in Armour
  1734 | D:2      | Reached XP level 4. HP: 30/34 MP: 4/4
  2645 | D:3      | Noticed Grinder
  2655 | D:3      | Killed Grinder
  2656 | D:3      | Reached skill level 1 in Stealth
  2656 | D:3      | Reached XP level 5. HP: 15/39 MP: 5/5
  2656 | D:3      | Reached XP level 6. HP: 17/46 MP: 6/6
  3103 | D:3      | Noticed Sigmund
  3116 | D:3      | Killed Sigmund
  3876 | D:4      | Gained mutation: You are partially covered in molten
                  | scales. (AC +2) [demonic ancestry]
  3876 | D:4      | Reached XP level 7. HP: 36/52 MP: 7/7
  4055 | D:4      | Found Ihoqekkie's Serpentskin Sales.
  4060 | D:4      | Reached skill level 1 in Polearms
  4531 | D:4      | Gained mutation: You regenerate magic rapidly. [demonic
                  | ancestry]
  4531 | D:4      | Reached XP level 8. HP: 60/60 MP: 8/8
  4677 | D:4      | Found a runed translucent door.
  4678 | D:4      | Noticed Crazy Yiuf
  5207 | D:4      | Killed Crazy Yiuf
  5361 | D:5      | Entered Level 5 of the Dungeon
  5908 | D:5      | HP: 1/61 [gnoll/+0 halberd[a gnoll bouda] (7)]
  5908 | D:5      | Slain by a gnoll

Illustrated notes

Levels and vault maps discovered:
D:1:      dpeg_arrival_pond, layout_loops_ring,
          shapermc_ecumenical_altar_notcrosses, chequers_mini_garden,
          chequers_serial_rivers_marsh, hangedman_decor_slide_cut
D:2:      layout_basic
D:3:      layout_rooms, minmay_misc_feat_secret_circle, minmay_liquid_box,
          uniq_grinder, uniq_sigmund
D:4:      layout_layer_cave, guppyfry_shop_venom, uniq_crazy_yiuf_cottage
D:5:      layout_basic

Skill      XL: |  1  2  3  4  5  6  7  8 |
---------------+-------------------------+-----
Dodging        | 3 4 |  4.9
Long Blades    | 3 4 |  4.9
Armour         | 1 2 3 4 |  4.1
Stealth        | 1 2 |  2.4
Fighting       | 3 4 |  4.7
Throwing       | 2 3 |  3.8
Polearms       | 2 3 |  3.0

Action                   |  1- 3 |  4- 6 |  7- 9 || total
-------------------------+-------+-------+-------++-------
Melee: Long sword        |    79 |    50 |       ||   129
       Tailslap          |     1 |     7 |     7 ||    15
       Punch             |     1 |       |       ||     1
       Halberd           |       |    23 |    96 ||   119
Throw: Throwing net      |     1 |     3 |     1 ||     5
       Javelin           |       |     1 |       ||     1
  Use: Scroll            |       |     2 |       ||     2
 Stab: Held in net/web   |       |     2 |       ||     2
       Sleeping          |       |     5 |     2 ||     7
Armor: Leather armour    |    26 |     9 |     6 ||    41
       Plate armour      |       |       |    59 ||    59
Dodge: Dodged            |    55 |    22 |    51 ||   128
Block: Other             |       |       |    15 ||    15
       Reflection        |       |       |     2 ||     2
